 Dungeon Crawl Stone Soup version 0.32-a0-918-g0f22ef8d61 (webtiles) character file.

Game seed: 10942981822691669989

1601 Autsider the Caller (level 8, 0/37 HPs)
             Began as a Felid Summoner on Apr 10, 2024.
             Slain by a gnoll sergeant
             ... wielding a +0 trident
              (5 damage)
             ... on level 5 of the Dungeon.
             The game lasted 00:13:12 (4328 turns).

Autsider the Caller (Felid Summoner)                Turns: 4328, Time: 00:13:13

Health: 0/37       AC:  2    Str:  4    XL:     8   Next: 62%
Magic:  6/17       EV: 17    Int: 20    God:
Gold:   188        SH:  0    Dex: 18    Spells: 4/18 levels left
                                        Lives:  0   Deaths: 3

rFire   . . .        (weapon unavailable)
rCold   . . .        (shield unavailable)
rNeg    . . .        (body armour unavailable)
rPois   .            (helmet unavailable)
rElec   .            (cloak unavailable)
rCorr   .            (gloves unavailable)
SInv    +            (boots unavailable)
Will    +....        d - amulet of magic regeneration
Stlth   +++          (no ring)
HPRegen 0.26/turn    (no ring)
MPRegen 0.55/turn

%: no passive effects
@: very slightly contaminated, inugami summoned
A: very small, claws 1, fangs 3, see invisible, shaggy fur 2, stealthy paws, no
weapons or thrown items, no armour, multi-lived
a: no special abilities


You were on level 5 of the Dungeon.
You visited 1 branch of the dungeon, and saw 5 of its levels.

You collected 188 gold pieces.

Inventory:

Jewellery
 d - an amulet of magic regeneration (around neck)
 n - an amulet of reflection
 s - a ring of protection from cold
Wands
 j - a wand of flame (50)
 k - a wand of warping (20)
Scrolls
 b - a scroll of enchant weapon {unknown}
 f - 4 scrolls of immolation {unknown}
 g - a scroll of identify {unknown}
 i - 2 scrolls of teleportation {@r2}
 m - 2 scrolls of blinking {unknown}
 p - a scroll of silence {unknown}
 q - a scroll of noise {unknown}
Potions
 a - a potion of magic
 c - a potion of mutation {unknown}
 e - a potion of curing {unknown}
 h - a potion of enlightenment {unknown}
 l - a potion of cancellation {unknown}
 o - a potion of heal wounds {unknown}
 r - a potion of attraction {unknown}
 t - a potion of brilliance {unknown}
 u - a potion of invisibility {unknown}


   Skills:
 + Level 1.4 Fighting
 + Level 3.5 Dodging
 + Level 3.7 Stealth
 + Level 5.7 Spellcasting
 + Level 7.2 Summonings
 - Level 5.0 Fire Magic
 + Level 1.7 Air Magic


You had 4 spell levels left.
You knew the following spells:

 Your Spells              Type           Power      Damage    Failure   Level
a - Call Canine Familiar  Summ           34%        N/A       1%          3
b - Call Imp              Summ           68%        N/A       1%          2
c - Summon Blazeheart Go  Fire/Summ      30%        N/A       9%          4
d - Summon Lightning Spi  Summ/Air       23%        N/A       17%         4
x - Summon Small Mammal   Summ           100%       N/A       1%          1

Your spell library contained the following spells:

 Spells                   Type           Power      Damage    Failure   Level
 Sublimation of Blood     Necr           5%         N/A       16%         2
 Vhi's Electric Charge    Tloc/Air       18%        N/A       58%         4
 Arcjolt                  Conj/Air       4%         1d14      91%         5
 Plasma Beam              Fire/Air       9%         2x1d20    99%         6
 Summon Hydra             Summ           17%        N/A       99%         7


Dungeon Overview and Level Annotations

Branches:
Dungeon (5/15)
 Temple: D:4-7

Altars:
Cheibriados
Makhleb
Okawaru

Annotations:
D:5 2 transporters, basamash's ghost, amateur MiFi


Innate Abilities, Weirdness & Mutations

You have sharp claws.
You have razor-sharp teeth.
You have supernaturally acute eyesight. (SInv)
You are covered in thick fur. (AC +2)
Your paws help you pounce on unaware monsters.
You are incapable of wielding weapons or throwing items.
You cannot wear armour.
You gain extra lives every three experience levels.


Message History

You kill Blork the orc!
Blork the orc's eyes stop glowing, and he collapses.
Your inugami hits the gnoll sergeant!
Training target 5.0 for Fire Magic reached!
Your Fire Magic skill increases to level 5!
Casting: Summon Small Mammal (safe; 1% risk of failure)
Confirm with . or Enter, or press ? or * to list all spells.
You miscast Summon Blazeheart Golem.
You are very lightly contaminated with residual magic.
Nothing appears to happen.
The gnoll sergeant closely misses your inugami.
The gnoll sergeant blocks your inugami's attack.
Casting: Summon Blazeheart Golem (quite dangerous; 9% risk of failure)
Confirm with . or Enter, or press ? or * to list all spells.
You miscast Summon Blazeheart Golem.
A chorus of moans calls out in your mind.
A nameless horror comes into view.
The gnoll sergeant blocks your quokka's attack. x2
Your inugami hits the gnoll sergeant but does no damage.
Casting: Summon Blazeheart Golem (quite dangerous; 9% risk of failure)
Confirm with . or Enter, or press ? or * to list all spells.
A fiery spirit appears, bound in slag iron.
Your quokka closely misses the gnoll sergeant.
The gnoll sergeant blocks your inugami's attack.
Send 'em back where they came from!
Your quokka disappears in a puff of smoke!
The gnoll sergeant hits you from afar with a +0 trident!
* * * LOW HITPOINT WARNING * * *
Send 'em back where they came from!
The nameless horror hits your blazeheart golem.
Your blazeheart golem punches the nameless horror!
The nameless horror closely misses you. The gnoll sergeant misses you.
Your inugami hits the gnoll sergeant but does no damage.
The nameless horror completely misses you.
Your blazeheart golem punches the nameless horror!!
The nameless horror is destroyed!
The gnoll sergeant hits your blazeheart golem with a +0 trident.
The gnoll sergeant hits you from afar with a +0 trident.
You die...

#...#.....#....§.§.........
#...#.....######....###..##
#####.......#.##.)).#?#...
....#.......#.......###..
[...#.......#............
....#.......#....h.......
....#.......#...gg#.....#
....#.......#...9.#.....#
....#.......#...@.#.)...#
....#.......#.....#.....#
....#.......#.....#.....#
....#.......#.....#.....#
....#.......#.....#.....#
....#.......#.....#....<#
....#.......#...........#
#####.......#...|.#.....#
#.......#.....#.....#


You could see 2 gnoll sergeants, a friendly blazeheart golem (summoned) and a
friendly inugami (summoned).

Vanquished Creatures
  An orc warrior (D:5)
  Blork the orc (D:5)
  A gnoll sergeant (D:5)
  An adder (D:4)
  A dart slug (D:1)
  2 ball pythons
  An endoplasm (D:1)
  A hobgoblin (D:3)
  A quokka (D:4)
  2 goblins
  3 kobolds
  2 rats (D:1)
17 creatures vanquished.

Vanquished Creatures (collateral kills)
  Grinder (D:3)
  Sigmund (D:3)
  Menkaure (D:5)
  Edmund (D:4)
  Duvessa (D:4)
  A nameless horror (D:5)
  An ogre (D:4)
  A centaur (D:5)
  A wight (D:5)
  Dowan (D:4)
  A jelly (D:5)
  2 bombardier beetles (D:5)
  Crazy Yiuf (D:3)
  Jessica (D:2)
  An iguana (D:4)
  An orc wizard (D:5)
  4 gnolls (D:5)
  5 adders
  A white imp (D:5)
  2 ufetubi (D:3)
  2 dart slugs
  2 ribbon worms
  3 orcs
  3 ball pythons
  3 endoplasms
  7 goblins
  4 hobgoblins
  3 jackals (D:2)
  5 kobolds
  2 quokkas
  3 bats
  2 frilled lizards
  5 rats
73 creatures vanquished.

Vanquished Creatures (others)
  2 blazeheart cores (D:5)
2 creatures vanquished.

Grand Total: 92 creatures vanquished

Notes
Turn   | Place    | Note
-------+----------+-------------------------------------------
     0 | D:1      | Autsider the Felid Summoner began the quest for the Orb.
     0 | D:1      | Reached XP level 1. HP: 9/9 MP: 4/4
   179 | D:1      | Reached XP level 2. HP: 13/13 MP: 3/6
   182 | D:1      | Learned a level 2 spell: Call Imp
   990 | D:1      | Found a faded altar of an unknown god.
  1177 | D:2      | Noticed Jessica
  1196 | D:2      | Killed Jessica
  1197 | D:2      | Reached XP level 3. HP: 7/16 MP: 6/8
  1273 | D:2      | Learned a level 3 spell: Call Canine Familiar
  1352 | D:2      | Reached XP level 4. HP: 21/21 MP: 9/9
  1352 | D:2      | Gained a life (2 lives remaining)
  1620 | D:2      | Reached skill level 5 in Summonings
  1839 | D:3      | Found an iron altar of Okawaru.
  1893 | D:3      | Noticed Sigmund
  1936 | D:3      | Killed Sigmund
  1937 | D:3      | Reached XP level 5. HP: 20/24 MP: 10/12
  1937 | D:3      | Gained mutation: You are covered in thick fur. (AC +2)
                  | [Felid growth]
  1937 | D:3      | Reached XP level 6. HP: 23/28 MP: 10/13
  1953 | D:3      | Learned a level 4 spell: Summon Blazeheart Golem
  2244 | D:3      | Found a burning altar of Makhleb.
  2246 | D:3      | Noticed Grinder
  2297 | D:3      | Killed Grinder
  2298 | D:3      | Reached skill level 6 in Summonings
  2630 | D:3      | Found a runed translucent door.
  2631 | D:3      | Noticed Crazy Yiuf
  2642 | D:3      | Killed Crazy Yiuf
  2643 | D:3      | Reached XP level 7. HP: 32/32 MP: 11/15
  2711 | D:4      | Learned a level 4 spell: Summon Lightning Spire
  2738 | D:4      | Found a snail-covered altar of Cheibriados.
  2891 | D:4      | Noticed Dowan
  2896 | D:4      | Noticed Duvessa
  2922 | D:4      | Killed from afar by Dowan
  2922 | D:4      | Lost a life (1 life remaining)
  2945 | D:4      | Killed Duvessa
  2946 | D:4      | Reached skill level 5 in Spellcasting
  2953 | D:4      | Killed Dowan
  3162 | D:4      | Noticed Edmund
  3175 | D:4      | Succumbed to Edmund's poison
  3175 | D:4      | Lost a life (0 lives remaining)
  3319 | D:4      | Killed Edmund
  3368 | D:5      | Entered Level 5 of the Dungeon
  3505 | D:5      | Found a transporter.
  3509 | D:5      | Noticed basamash's ghost (amateur MiFi)
  3623 | D:5      | Reached XP level 8. HP: 19/36 MP: 11/17
  3623 | D:5      | Gained a life (1 life remaining)
  3705 | D:5      | Shot with an arrow by a centaur
  3705 | D:5      | Lost a life (0 lives remaining)
  3727 | D:5      | Reached skill level 7 in Summonings
  3951 | D:5      | Found a transporter.
  3968 | D:5      | Noticed Menkaure
  3984 | D:5      | Killed Menkaure
  4224 | D:5      | Reached skill level 1 in Fighting
  4231 | D:5      | Reached skill level 1 in Air Magic
  4306 | D:5      | Noticed Blork the orc
  4319 | D:5      | Killed Blork the orc
  4320 | D:5      | Reached skill level 5 in Fire Magic
  4321 | D:5      | Noticed a nameless horror
  4326 | D:5      | Killed a nameless horror
  4328 | D:5      | Slain by a gnoll sergeant

Illustrated notes

Levels and vault maps discovered:
D:1:      minmay_arrival_doors, layout_rooms, chequers_ecumenical_altar_twisty,
          serial_co_window_serial, co_window_cross_1, co_window_paths_a,
          co_window_of_opportunity_a, co_window_of_opportunity_a,
          co_window_paths_a, co_window_broadway_c, co_window_paths_c,
          co_window_corner_b, co_window_cross_4, co_window_sun,
          co_window_4corner_b
D:2:      layout_rooms, uniq_jessica
D:3:      layout_basic, okawaru_metal_pillars_1_2, lemuel_tele_altar,
          kennysheep_generic_room_5, uniq_sigmund, uniq_crazy_yiuf_cottage,
          uniq_grinder
D:4:      layout_rooms, slow_altar_1, uniq_duvessa, uniq_edmund
D:5:      layout_gridville, lemuel_mausoleum_altar_yredelemnul,
          gammafunk_ghost_arena, sword_in_stone, uniq_menkaure

Skill      XL: |  1  2  3  4  5  6  7  8 |
---------------+-------------------------+-----
Spellcasting   | 3 4 5 |  5.7
Summonings     | 5 6 7 |  7.2
Fire Magic     | 2 4 5 |  5.0
Dodging        | 3 |  3.5
Stealth        | 3 |  3.7
Fighting       | 1 |  1.4
Air Magic      | 1 |  1.7

Action                     |  1- 3 |  4- 6 |  7- 9 || total
---------------------------+-------+-------+-------++-------
  Melee: Unarmed           |    32 |    14 |    14 ||    60
         Bite              |     5 |     2 |     1 ||     8
         Punch             |     1 |       |       ||     1
   Cast: Summon Small Mamm |    19 |     2 |    35 ||    56
         Call Imp          |     9 |    20 |    22 ||    51
         Call Canine Famil |     3 |    16 |    28 ||    47
         Summon Blazeheart |       |       |     3 ||     3
    Use: Scroll            |       |     1 |       ||     1
   Stab: Sleeping          |     4 |     2 |     1 ||     7
 Armour: Skin              |    17 |     6 |    32 ||    55
  Dodge: Dodged            |    44 |    10 |    32 ||    86

Table legend: (Time is in decaauts)
 A = Elapsed time spent in this place.
 B = Non-inter-level travel time spent in this place.
 C = Inter-level travel time spent in this place.
 D = Time resting spent in this place.
 E = Time spent auto-exploring this place.
 F = Levels seen in this place.
 G = Mean time per level.
                   A        B        C        D        E       F      G
               +--------+--------+--------+--------+--------+-----+--------+
         Total |   4327 |   4170 |    157 |    268 |   2841 |   5 |  865.4 |
       Dungeon |   4327 |   4170 |    157 |    268 |   2841 |   5 |  865.4 |
               +--------+--------+--------+--------+--------+-----+--------+

Top non-repeatable levels by time:
     D:1: 1141 daAuts
     D:3: 1018 daAuts
     D:5: 959 daAuts
     D:4: 667 daAuts
     D:2: 540 daAuts
